 Dungeon Crawl Stone Soup version 0.31-a0-618-g7ca08c1ff9 (webtiles) character file.

Game seed: 14346135398980933244

323 spiderkeys the Ruffian (level 6, -2/42 HPs)
             Began as an Octopode Shapeshifter on Aug 22, 2023.
             Slain by an orc priest
             ... wielding a +0 dagger
              (3 damage)
             ... on level 5 of the Dungeon.
             The game lasted 00:04:14 (3952 turns).

spiderkeys the Ruffian (Octopode Shapeshifter)      Turns: 3952, Time: 00:04:15

Health: -2/42      AC:  1    Str: 17    XL:     6   Next: 47%
Magic:  6/6        EV: 14    Int: 10    God:
Gold:   235        SH:  0    Dex: 12    Spells: 5/5 levels left

rFire   . .          .
                       - Unarmed
rCold   . . .        (no shield)
rNeg    . . .        (helmet currently unavailable)
rPois   .            (no amulet)
rElec   .            (no ring)
rCorr   .            (no ring)
SInv    .            (no ring)
Will    .....        (no ring)
Stlth   ++           (no ring)
HPRegen 0.27/turn    (no ring)
MPRegen 0.10/turn    (no ring)
                     (no ring)

%: no passive effects
@: beast-form
A: beast (slay +2), almost no armour, amphibious, 8 rings, camouflage 1,
gelatinous body 1, (nimble swimmer 1), tentacles
a: Begin Untransformation


You were on level 5 of the Dungeon.
You were a hulking beast.
You visited 1 branch of the dungeon, and saw 5 of its levels.

You collected 235 gold pieces.


Innate Abilities, Weirdness & Mutations

You are a hulking beast.
Your limbs bulge with bestial killing power. (Slay +2)
You cannot wear most types of armour.
You are amphibious.
You can wear up to eight rings at the same time.
Your skin changes colour to match your surroundings (Stealth+).
Your rubbery body absorbs attacks. (AC +1, EV +1)
((You are camouflaged when in or above water. (Stealth+)))
You have tentacles for arms and can constrict up to eight enemies at once.


   Skills:
 + Level 3.1 Fighting
 + Level 3.7 Dodging
 + Level 4.3 Unarmed Combat
 + Level 4.1 Shapeshifting


You had 5 spell levels left.
You didn't know any spells.
Your spell library contained the following spells:

 Spells                   Type           Power      Damage    Failure   Level
 Apportation              Tloc           0%         N/A       36%         1
 Necrotise                Necr           0%         1d4       36%         1
 Summon Small Mammal      Summ           0%         N/A       36%         1
 Ensorcelled Hibernation  Hex/Ice        0%         N/A       50%         2
 Passwall                 Tmut/Erth      0%         N/A       50%         2
 Swiftness                Air            0%         N/A       75%         3

Inventory:

Hand Weapons
 n - a +2 spear of freezing {!w}
   (You found it on level 3 of the Dungeon)
Missiles
 d - 62 stones
 e - 8 poisoned darts
Jewellery
 F - the ring of Descent {Fire Int+4}
   (You found it on level 3 of the Dungeon)

   [ring of fire]

   Fire:      It enhances your fire magic.
   Int+4:     It affects your intelligence (+4).
   rF+:       It protects you from fire.
   rC-:       It makes you vulnerable to cold.
 G - an amulet of guardian spirit
   (You found it on level 3 of the Dungeon)
 N - a ring of positive energy
   (You found it on level 3 of the Dungeon)
Talismans
 b - a beast talisman (active)
 c - a flux talisman
Wands
 k - a wand of iceblast (9)
   (You took it off a goblin on level 3 of the Dungeon)
 r - a wand of flame (21)
   (You took it off an orc on level 4 of the Dungeon)
Scrolls
 h - 6 scrolls of revelation
 i - a scroll of identify {@r1}
 m - a scroll of summoning
 t - 2 scrolls of poison {!r}
Potions
 a - a potion of lignification {!q}
 f - a potion of heal wounds {unknown}
 g - a potion of ambrosia {unknown}
 j - a potion of enlightenment {unknown}
 l - a potion of cancellation {unknown}
 o - 2 potions of haste {unknown}
 p - 2 potions of might {unknown}

Dungeon Overview and Level Annotations

Branches:
Dungeon (5/15) Zot: 26063
 Temple: D:4-7

Altars:
Hepliaklqana
Makhleb
Ru
Uskayaw
Yredelemnul

Shops:
D:3

[ ... ....
...#######
........#
#......#
+......+
####.>o..>#
......Sh).#
......o...#
......#####
......
.####


You could see a water moccasin, an orc priest and an orc.


Message History

i - a scroll of identify {@r1} 😎 HP[+1]
Your hp is fully restored (41).
There is an open door here.
There is a sacrificial altar of Ru here.
m - a scroll of summoning
There is an open door here.
You see here a +0 whip.
There is an open door here.
There is a hide-covered altar of Uskayaw here.
o - 2 sapphire potions (gained 1)
There is an open door here.
Key pressed, stopping explore.
You see here a +0 club.
There is an open door here.
There is an open door here.
t - 2 scrolls of poison {!r} (gained 1)
You see here a +0 spear.
A gnoll bouda is nearby!
The gnoll bouda barks out a call to the hunt!
You hear a shout!
You tentacle-slap the gnoll bouda. You grab the gnoll bouda.
You constrict the gnoll bouda.
The gnoll bouda struggles to escape constriction.
You tentacle-slap the gnoll bouda. You constrict the gnoll bouda.
The gnoll bouda hits you with a +0 club! 😕 HP[-7]
You take 7 damage, and now have 34/41 hp.
You bludgeon the gnoll bouda!
You kill the gnoll bouda!
Your Fighting skill increases to level 3! 😕 HP[+1]
You now have 42 max hp (+1).
The gnoll hits you with a +0 club.
Things that are here:
a +0 club; a +0 robe; 😕 HP[-2]
You take 2 damage, and now have 33/42 hp.
You tentacle-slap the gnoll. Your grab misses the gnoll.
The gnoll closely misses you. 😕 HP[+1]
You tentacle-slap the gnoll. You grab the gnoll. You constrict the gnoll.
The gnoll closely misses you.
You tentacle-slap the gnoll. You squeeze the gnoll.
You kill the gnoll!
No target in view!
No target in view!
d - 62 stones (gained 7)
You see here a +0 club.
Key pressed, stopping explore.
Done exploring. 😎 HP[+8]
Your hp is fully restored (42).
Done exploring.
Done exploring.
You see here a +0 spear.
There is a stone staircase leading down here.
You climb downwards.
Found two stone staircases leading down.
There is a stone staircase leading up here.
The helpless orc wizard fails to defend itself.
You tentacle-slap the orc wizard. You grab the orc wizard.
You constrict the orc wizard.
The orc shouts!
You tentacle-slap the orc wizard. You squeeze the orc wizard!
You constrict the orc wizard.
You kill the orc wizard!
You tentacle-slap the orc wizard but do no damage.
You grab the orc wizard. You squeeze the orc wizard!
You constrict the orc wizard.
The orc wizard hits you with a +0 dagger. 😕 HP[-5]
You take 5 damage, and now have 37/42 hp.
You tentacle-slap the orc wizard. Your squeeze misses the orc wizard.
You constrict the orc wizard, but do no damage.
The orc priest mumbles some strange prayers to Beogh against you.
Beogh smites you! The orc hits you with a +0 mace.
The orc wizard gestures at you while chanting.
The magic dart hits you.
* * * LOW HITPOINT WARNING * * *
😨 HP[-19]
You take 19 damage, and now have 18/42 hp.
MASSIVE DAMAGE!! (PAUSE)
You tentacle-slap the orc priest but do no damage.
You grab the orc priest. You constrict the orc wizard.
You kill the orc wizard!
You constrict the orc priest.
The orc priest mumbles some strange prayers to Beogh against you.
Beogh smites you!
* * * LOW HITPOINT WARNING * * *
The orc hits you with a +0 mace.
* * * LOW HITPOINT WARNING * * *
😱 HP[-17]
You take 17 damage, and now have 1/42 hp.
MASSIVE DAMAGE!! (PAUSE)
You miss the water moccasin. Your grab misses the water moccasin.
Your squeeze misses the water moccasin.
You constrict the orc priest, but do no damage.
The water moccasin closely misses you.
The orc priest hits you with a +0 dagger.
You die...

Skill      XL: |  1  2  3  4  5  6 |
---------------+-------------------+-----
Fighting       | 2 3 |  3.1
Dodging        | 3 |  3.7
Unarmed Combat | 4 |  4.3
Shapeshifting  | 4 |  4.1

Action                     |  1- 3 |  4- 6 || total
---------------------------+-------+-------++-------
  Melee: Unarmed           |    91 |   128 ||   219
         Constrict         |    33 |    37 ||    70
         Tentacles         |    16 |    23 ||    39
         Punch             |       |     5 ||     5
    Use: Scroll            |       |     7 ||     7
   Stab: Sleeping          |     7 |     3 ||    10
 Armour: Skin              |    11 |     7 ||    18
  Dodge: Dodged            |    53 |    49 ||   102

Levels and vault maps discovered:
D:1:      dpeg_arrival_caged_fury, layout_basic, roderic_serpentine_path
D:2:      layout_loops_ring, hellmonk_ecumenical_altar_crossroads,
          dk_noncrumbling_3, chequers_serial_rivers_large_a
D:3:      layout_basic, serial_shops, shop, st_stairs_7, amethyst_killhole,
          uniq_robin
D:4:      layout_rooms, lemuel_crystal_altar, grunt_temple_overflow_cloverleaf
D:5:      layout_basic, nicolae_qazlal_beasts_of_the_sky,
          ebering_ghost_disaster_area, uniq_grinder

Notes
Turn   | Place    | Note
-------+----------+-------------------------------------------
     0 | D:1      | spiderkeys the Octopode Shapeshifter began the quest for
                  | the Orb.
     0 | D:1      | Reached XP level 1. HP: 13/13 MP: 1/1
     0 | D:1      | magus.rc [v1.11.6]
     1 | D:1      | Found a runed translucent door.
   133 | D:1      | Reached XP level 2. HP: 18/18 MP: 2/2
   428 | D:1      | You add the spells Passwall, Ensorcelled Hibernation and
                  | Swiftness to your library.
   456 | D:1      | Reached XP level 3. HP: 17/23 MP: 3/3
  1251 | D:2      | Reached skill level 2 in Fighting
  1260 | D:2      | You fall into a shaft and drop 2 floors!
  1343 | D:2      | Reached XP level 4. HP: 29/29 MP: 4/4
  1517 | D:2      | Found a faded altar of an unknown god.
  1651 | D:2      | You add the spells Necrotise, Summon Small Mammal and
                  | Apportation to your library.
  2300 | D:3      | Identified the ring of Descent {Fire Int+4}
  2337 | D:3      | Found Nyobeat's Antique Armour Emporium.
  2339 | D:3      | Identified the +0 helmet of the Other World {Will- Int+3
                  | SInv Stlth+}
  2339 | D:3      | Noticed Robin
  2397 | D:3      | Reached skill level 3 in Dodging
  2401 | D:3      | Killed Robin
  2402 | D:3      | Reached XP level 5. HP: 27/35 MP: 5/5
  3021 | D:4      | Found a basalt altar of Yredelemnul.
  3143 | D:4      | Reached skill level 4 in Unarmed Combat
  3294 | D:4      | Reached skill level 4 in Shapeshifting
  3294 | D:4      | Reached XP level 6. HP: 38/41 MP: 6/6
  3718 | D:4      | Found a burning altar of Makhleb.
  3718 | D:4      | Found a sacrificial altar of Ru.
  3718 | D:4      | Found a hazy altar of Hepliaklqana.
  3718 | D:4      | Found a hide-covered altar of Uskayaw.
  3869 | D:4      | Reached skill level 3 in Fighting
  3946 | D:5      | Entered Level 5 of the Dungeon
  3946 | D:5      | Noticed a water moccasin
  3951 | D:5      | HP: 6/42 [orc priest/divine providence (12)]
  3951 | D:5      | HP: 1/42 [orc/+0 mace (5)]
  3952 | D:5      | Slain by an orc priest

Vanquished Creatures
  A gnoll bouda (D:4)
  4 orc wizards
  Robin (D:3)
  3 gnolls (D:4)
  2 adders
  2 worms (D:2)
  2 dart slugs
  12 orcs
  13 endoplasms
  6 giant cockroaches
  12 hobgoblins
  10 jackals (D:1)
  A quokka (D:1)
  5 ball pythons
  8 bats
  6 frilled lizards
  15 goblins
  6 kobolds
  6 rats
115 creatures vanquished.

Table legend:
 A = Non-vault XP
 B = Vault XP
 C = Vault XP percentage of total XP
 D = Non-vault monster count
 E = Vault monster count
 F = Vault count percentage of total count
                 A         B        C        D         E       F
            +---------+---------+-------+---------+---------+-------
      Total |     406 |      56 |  12.1 |      90 |      25 |  21.7
            +---------+---------+-------+---------+---------+-------
        D:1 |      41 |      23 |  35.9 |      27 |      12 |  30.8
        D:2 |      54 |       0 |   0.0 |      18 |       0 |   0.0
        D:3 |      37 |      33 |  47.1 |      20 |      13 |  39.4
        D:4 |     203 |       0 |   0.0 |      23 |       0 |   0.0
        D:5 |      71 |       0 |   0.0 |       2 |       0 |   0.0
            +---------+---------+-------+---------+---------+-------

Skill      XL: |  1  2  3  4  5  6 |
---------------+-------------------+-----
Fighting       | 2 3 |  3.1
Dodging        | 3 |  3.7
Unarmed Combat | 4 |  4.3
Shapeshifting  | 4 |  4.1

Action                     |  1- 3 |  4- 6 || total
---------------------------+-------+-------++-------
  Melee: Unarmed           |    91 |   128 ||   219
         Constrict         |    33 |    37 ||    70
         Tentacles         |    16 |    23 ||    39
         Punch             |       |     5 ||     5
    Use: Scroll            |       |     7 ||     7
   Stab: Sleeping          |     7 |     3 ||    10
 Armour: Skin              |    11 |     7 ||    18
  Dodge: Dodged            |    53 |    49 ||   102

Illustrated notes

Table legend:
 A = Kills in this place as a percentage of kills in the entire game.
 B = Kills by you in this place as a percentage of kills by you in the entire game.
 C = Kills by friends in this place as a percentage of kills by friends in the entire game.
 D = Other kills in this place as a percentage of other kills in the entire game.
 E = Experience gained in this place as a percentage of experience gained in the entire game.
 F = Experience gained in this place divided by the number of levels of this place that you have seen.
                   A       B       C       D       E      F
               +-------+-------+-------+-------+-------+----------------------
         Total | 100.0 | 100.0 |   N/A |   N/A | 100.0 |  92.4
       Dungeon | 100.0 | 100.0 |   N/A |   N/A | 100.0 |  92.4
               +-------+-------+-------+-------+-------+----------------------

Table legend: (Time is in decaauts)
 A = Elapsed time spent in this place.
 B = Non-inter-level travel time spent in this place.
 C = Inter-level travel time spent in this place.
 D = Time resting spent in this place.
 E = Time spent auto-exploring this place.
 F = Levels seen in this place.
 G = Mean time per level.
                   A        B        C        D        E       F      G
               +--------+--------+--------+--------+--------+-----+--------+
         Total |   3935 |   3791 |    144 |    130 |   3098 |   5 |  787.0 |
       Dungeon |   3935 |   3791 |    144 |    130 |   3098 |   5 |  787.0 |
               +--------+--------+--------+--------+--------+-----+--------+

Top non-repeatable levels by time:
     D:1: 1188 daAuts
     D:3: 1024 daAuts
     D:4: 887 daAuts
     D:2: 829 daAuts
     D:5: 5 daAuts
